 Dungeon Crawl Stone Soup version 0.20-a0-1034-gb277f92 (webtiles) character file.

183 Chaoticas the Insei (level 5, -3/41 HPs)
             Began as a Gnoll Transmuter on Apr 22, 2017.
             Slain by an orc wizard
             ... wielding a +0 dagger
              (6 damage)
             ... on level 3 of the Dungeon.
             The game lasted 00:11:29 (2591 turns).

Chaoticas the Insei (Gnoll Transmuter)              Turns: 2591, Time: 00:11:30

Health: -3/41      AC:  4    Str: 10    XL:     5   Next: 62%
Magic:  9/9        EV: 20    Int: 14    God:
Gold:   97         SH:  0    Dex: 19    Spells: 4/10 levels left

rFire    . . .     SeeInvis .     - Unarmed
rCold    + . .     Gourm    .   (no shield)
rNeg     . . .     Faith    .   b - +2 robe
rPois    +         Spirit   .   (no helmet)
rElec    .         Reflect  .   (no cloak)
rCorr    .         Harm     .   (no gloves)
MR       .....                  (boots currently unavailable)
Stlth    +++.......             (no amulet)
Regen    0.2/turn               (no ring)
MPRegen  0.2/turn               (no ring)

@: agile, appendage (expiring)
A: short attention span, fangs 1, talons 3, cold resistance 1, poison
resistance, subdued magic 1, strong nose
a: End Transformation


You were on level 3 of the Dungeon.
You were hungry.
You had grown temporary talons.
You visited 1 branch of the dungeon, and saw 3 of its levels.

You collected 97 gold pieces.

Inventory:

Missiles
 a - 20 arrows
 h - 135 stones
 m - 6 javelins (quivered)
Armour
 b - a +2 robe (worn)
 o - a +0 robe
Jewellery
 q - an uncursed ring of poison resistance {unknown}
Wands
 r - a wand of random effects (31/48)
 s - a wand of confusion (37/48)
Scrolls
 f - 2 scrolls of amnesia
 p - a scroll of immolation
Potions
 k - a potion of brilliance {unknown}
 l - a potion of magic {unknown}
 t - a potion of curing {unknown}
Books
 c - a book of Changes

   Spells                             Type                      Level
   a - Beastly Appendage              Transmutation                1
   b - Sticks to Snakes               Transmutation                2
   c - Spider Form                    Transmutation/Poison         3
   d - Ice Form                       Ice/Transmutation            4
   e - Blade Hands                    Transmutation                5
Comestibles
 d - 4 bread rations
 i - 5 fruits
 j - a royal jelly
 n - a meat ration


   Skills:
 + Level 3.0 Fighting
 + Level 3.9 Dodging
 + Level 6.2 Unarmed Combat
 - Level 3.2 Spellcasting
 * Level 5.3 Transmutations
 - Level 2.0 Poison Magic


You had 4 spell levels left.
You knew the following spells:

 Your Spells              Type           Power        Failure   Level  Hunger
a - Beastly Appendage     Tmut           ##....       1%          1    #......
b - Sticks to Snakes      Tmut           ##......     2%          2    ##.....
c - Spider Form           Tmut/Pois      #.........   12%         3    ###....


Dungeon Overview and Level Annotations

Branches:
Dungeon (3/15)

Altars:
Nemelex Xobeh


Innate Abilities, Weirdness & Mutations

You have a short attention span.
You have very sharp teeth.
Your uncanny sense of smell can sniff out nearby items.
You have claws for feet.
Your flesh is cold resistant. (rC+)
Your system is resistant to poisons. (rPois)
Your spells are a little easier to cast, but a little less powerful.


Message History

Something hits you but does no damage.
The orc priest hits you but does no damage.
You hit the orc priest.
You kill the orc priest!
Your Fighting skill increases to level 3!
Something hits you but does no damage.
You hit something but do no damage. Your punch misses something.
Something hits you.
* * * LOW HITPOINT WARNING * * *
You feel extremely strange.
You feel robust.
You feel less resistant to hostile enchantments.
You feel less repulsive.
Your connection to magic feels subdued.
You feel resistant to poisons.
You feel resistant to cold.
Your transformation is almost over.
Something hits you but does no damage.
It was a potion of agility.
You feel agile all of a sudden. Something hits you.
You die...

### ..# ..# ..# ..#
#####
..##############...#
................@..#
...#.############.##
...#.##.........).#
.+.#.##.###########
.###.##.# .'..(.#.#
.######.# .#....o.#
##o######


There were no monsters in sight!

Vanquished Creatures
  An orc priest (D:3)
  A howler monkey zombie (D:3)
  6 adders
  4 oozes
  2 worms
  2 leopard geckos
  An orc (D:3)
  6 giant cockroaches
  6 goblins
  5 hobgoblins
  4 jackals (D:1)
  6 kobolds
  2 quokkas
  4 ball pythons
  6 bats
  4 frilled lizards
  5 rats
65 creatures vanquished.

Notes
Turn   | Place    | Note
-------+----------+-------------------------------------------
     0 | D:1      | Chaoticas the Gnoll Transmuter began the quest for the Orb.
     0 | D:1      | Reached XP level 1. HP: 15/15 MP: 4/4
   323 | D:1      | Reached XP level 2. HP: 19/22 MP: 6/6
   372 | D:1      | Reached skill level 5 in Unarmed Combat
   551 | D:1      | Reached XP level 3. HP: 27/27 MP: 7/7
   844 | D:1      | Learned a level 2 spell: Sticks to Snakes
   848 | D:1      | Learned a level 3 spell: Spider Form
  1072 | D:2      | Reached skill level 1 in Poison Magic
  1171 | D:2      | Reached XP level 4. HP: 32/33 MP: 6/8
  1829 | D:2      | Reached skill level 6 in Unarmed Combat
  2182 | D:3      | Reached XP level 5. HP: 34/39 MP: 9/9
  2287 | D:3      | Found a sparkling altar of Nemelex Xobeh.
  2469 | D:3      | Reached skill level 5 in Transmutations
  2579 | D:3      | Gained mutation: You are frail. (-10% HP) [potion of mutation]
  2579 | D:3      | Gained mutation: You are surrounded by a mild repulsion field. (EV +2) [potion of mutation]
  2579 | D:3      | Gained mutation: You are resistant to hostile enchantments. (MR+) [potion of mutation]
  2590 | D:3      | Lost mutation: You are frail. (-10% HP) [potion of mutation]
  2590 | D:3      | Lost mutation: You are resistant to hostile enchantments. (MR+) [potion of mutation]
  2590 | D:3      | Lost mutation: You are surrounded by a mild repulsion field. (EV +2) [potion of mutation]
  2590 | D:3      | Gained mutation: Your spells are a little easier to cast, but a little less powerful. [potion of mutation]
  2590 | D:3      | Gained mutation: Your system is resistant to poisons. (rPois) [potion of mutation]
  2590 | D:3      | Gained mutation: Your flesh is cold resistant. (rC+) [potion of mutation]
  2591 | D:3      | Slain by an orc wizard

Vault maps used:
D:1:      wheals_arrival_linesprint
D:2:      first_bread, minmay_misc_feat_encased, hangedman_decor_push
D:3:      lemuel_doored_altar, serial_corexii_hall, corexii_hall_statues_x,
          corexii_hall_statues_s

Skill      XL: |  1  2  3  4  5 |
---------------+----------------+-----
Unarmed Combat | 5 6 |  6.2
Fighting       | 2 3 |  3.0
Transmutations | 4 5 |  5.3
Poison Magic   | 1 2 |  2.0
Dodging        | |  3.9
Spellcasting   | |  3.2

Action                   |  1- 3 |  4- 6 || total
-------------------------+-------+-------++-------
Melee: Unarmed           |   124 |   133 ||   257
       Bite              |    10 |     8 ||    18
       Kick              |     6 |    16 ||    22
       Headbutt          |     3 |     3 ||     6
       Punch             |     4 |     2 ||     6
 Cast: Beastly Appendage |    12 |    13 ||    25
  Use: Scroll            |     5 |     2 ||     7
       Potion            |       |     3 ||     3
 Stab: Sleeping          |     1 |     1 ||     2
       Distracted        |       |     1 ||     1
  Eat: Chunk             |     1 |     4 ||     5
Armor: Robe              |    26 |    28 ||    54
Dodge: Dodged            |    89 |    97 ||   186
